 Dungeon Crawl Stone Soup version 0.27.0-1-g7a089689b8 (webtiles) character file.

Game seed: 6899485573884334343

420 Spaninq the Ruffian (level 6, -2/51 HPs)
             Began as a Draconian Transmuter on Aug 14, 2021.
             Was an Initiate of Ashenzari.
             Slain by Edmund (7 damage)
             ... on level 4 of the Dungeon.
             The game lasted 00:09:51 (4248 turns).

Spaninq the Ruffian (Draconian Transmuter)          Turns: 4248, Time: 00:09:51

Health: -2/51      AC:  6    Str: 13    XL:     6   Next: 62%
Magic:  8/9        EV: 12    Int: 14    God:    Ashenzari [......]
Gold:   238        SH:  0    Dex: 12    Spells: 6/9 levels left

rFire    . . .     SeeInvis .     - Unarmed
rCold    . . .     Faith    .   (no shield)
rNeg     . . .     Spirit   .   (armour unavailable)
rPois    .         Reflect  .   (helmet restricted)
rElec    .         Harm     .   (no cloak)
rCorr    .         Rampage  .   (no gloves)
Will     .....                  (no boots)
Stlth    +.........             (no amulet)
HPRegen  0.17/turn              (no ring)
MPRegen  0.11/turn              (no ring)

@: no status effects
A: AC +6, unfitting armour, cold-blooded
a: Renounce Religion, Curse Item


You were on level 4 of the Dungeon.
You worshipped Ashenzari.
Ashenzari was noncommittal.
You visited 1 branch of the dungeon, and saw 4 of its levels.

You collected 238 gold pieces.

Inventory:

Hand Weapons
 c - a +0 whip of electrocution
Scrolls
 b - 2 scrolls of enchant armour
 d - a scroll of fog
 g - a scroll of amnesia
 h - a scroll of magic mapping
Potions
 a - a potion of invisibility
 e - 2 potions of lignification
 f - a potion of magic
 i - 3 potions of brilliance
 j - 2 potions of mutation
 k - a potion of haste


   Skills:
 + Level 3.5 Fighting
 + Level 3.2 Dodging
 * Level 5.3 Unarmed Combat
 - Level 2.0 Spellcasting
 - Level 2.0 Transmutations
 + Level 2.8 Invocations


You had 6 spell levels left.
You knew the following spells:

 Your Spells              Type           Power      Damage    Failure   Level
a - Beastly Appendage     Tmut           14%        N/A       11%         1
b - Wereblood             Tmut           7%         N/A       16%         2

Your spell library contained the following spells:

 Spells                   Type           Power      Damage    Failure   Level
 Corona                   Hex            1%         N/A       24%         1
 Ensorcelled Hibernation  Hex/Ice        2%         N/A       34%         2
 Spider Form              Tmut/Pois      2%         N/A       43%         3
 Tukima's Dance           Hex            1%         N/A       56%         3
 Ice Form                 Ice/Tmut       4%         N/A       83%         4


Dungeon Overview and Level Annotations

Branches:
Dungeon (4/15)
 Temple: D:4-7

Altars:
Ashenzari
Okawaru
Xom
Yredelemnul

Shops:
D:2 :

Annotations:
D:4 1 runed translucent door, Edmund; pkoi's ghost, amateur MiGl


Innate Abilities, Weirdness & Mutations

Your plain brown scales are hard. (AC +6)
You cannot fit into any form of body armour.
You are cold-blooded and may be slowed by cold attacks.


Message History

You headbutt the centaur warrior zombie, but do no damage.
The centaur warrior zombie is lightly damaged.
You feel sick. The centaur warrior zombie misses you.
The centaur warrior zombie kicks you.
You hit Edmund. Your kick misses Edmund.
Edmund is lightly wounded.
You howl as the wereblood boils in your veins!
You feel sick.
You hit Edmund but do no damage.
Edmund is lightly wounded.
You howl as the wereblood boils in your veins!
Your transformation is almost over.
You feel sick.
You are no longer poisoned.
Edmund completely misses you.
You hit Edmund. You headbutt Edmund.
Edmund is moderately wounded.
Edmund hits you with a +2 dire flail of distortion.
Space warps horribly around you!
* * * LOW HITPOINT WARNING * * *
You hit Edmund. You claw Edmund, but do no damage.
Edmund is moderately wounded.
Edmund hits you with a +2 dire flail of distortion!
* * * LOW HITPOINT WARNING * * *
You howl as the wereblood boils in your veins!
Found a scroll of identify.
Your primal bloodlust is almost over.
Your horns disappear.
Your talons disappear.
Edmund grinds his teeth, and then sighs.
You see here a scroll of identify.
You hit Edmund but do no damage.
Edmund is moderately wounded.
You closely miss Edmund.
Your tail-slap misses Edmund.
Edmund is moderately wounded.
Edmund barely misses you.
You hit Edmund but do no damage.
Edmund is moderately wounded.
Your primal bloodlust has ended.
Edmund hits you with a +2 dire flail of distortion!
You die...

#...........# .###
#....#.#...##
#....#.#@###
#........#
#......#.#
##.#####[# #.# ###
#.#################
#.......ZK@@.......
###################


You could see Edmund, a centaur warrior zombie and a kobold.

Vanquished Creatures
  Sigmund (D:3)
  A scorpion (D:4)
  A centaur zombie (D:4)
  An orc priest (D:4)
  A mummy (D:3)
  4 adders
  An ufetubus (D:4)
  2 adder skeletons (D:4)
  3 worms
  2 dart slugs
  7 orcs
  3 bats (D:1)
  5 endoplasms
  7 giant cockroaches
  8 goblins
  9 hobgoblins
  3 jackals
  3 kobolds (D:3)
  2 quokkas
  3 frilled lizards
  5 rats
72 creatures vanquished.

Vanquished Creatures (collateral kills)
  A ball python (D:2)
1 creature vanquished.

Vanquished Creatures (others)
  2 orcs (D:4)
  A bat zombie (D:1)
  An adder zombie (D:2)
  A hobgoblin zombie (D:2)
5 creatures vanquished.

Grand Total: 78 creatures vanquished

Notes
Turn   | Place    | Note
-------+----------+-------------------------------------------
     0 | D:1      | Spaninq the Draconian Transmuter began the quest for the
                  | Orb.
     0 | D:1      | Reached XP level 1. HP: 16/16 MP: 3/3
   385 | D:1      | Found a faded altar of an unknown god.
   390 | D:1      | Reached XP level 2. HP: 23/23 MP: 1/5
   505 | D:1      | Became a worshipper of Yredelemnul the Dark
   505 | D:1      | Reached * piety under Yredelemnul
  1058 | D:2      | Reached XP level 3. HP: 19/29 MP: 4/6
  1191 | D:2      | Found Apty's Book Boutique.
  1763 | D:2      | Reached ** piety under Yredelemnul
  2088 | D:3      | Found a broken altar of Ashenzari.
  2131 | D:3      | Reached skill level 1 in Invocations
  2155 | D:3      | Fell from the grace of Yredelemnul
  2155 | D:3      | Became a worshipper of Ashenzari the Shackled
  2609 | D:3      | Reached XP level 4. HP: 23/35 MP: 5/7
  2745 | D:3      | Reached skill level 4 in Unarmed Combat
  3422 | D:3      | Noticed Sigmund
  3437 | D:3      | Learned a level 2 spell: Wereblood
  3455 | D:3      | Killed Sigmund
  3456 | D:3      | Reached XP level 5. HP: 21/45 MP: 4/8
  3854 | D:4      | Found an iron altar of Okawaru.
  3865 | D:4      | Reached skill level 5 in Unarmed Combat
  3865 | D:4      | Reached XP level 6. HP: 49/51 MP: 7/9
  3980 | D:4      | Found a runed translucent door.
  3980 | D:4      | Noticed pkoi's ghost (amateur MiGl)
  4043 | D:4      | Found a shimmering altar of Xom.
  4194 | D:4      | Noticed Edmund
  4234 | D:4      | HP: 2/51 [Edmund (10)]
  4248 | D:4      | Slain by Edmund

Illustrated notes

Levels and vault maps discovered:
D:1:      dpeg_arrival_round_c, layout_basic,
          shapermc_ecumenical_altar_notcrosses
D:2:      layout_loops_ring, serial_shops, nicolae_shop_crystal,
          chequers_avenue, minmay_tall_x
D:3:      layout_loops_corners, ashenzari_conservatory_becter,
          gup_sewer_entry_spiral, uniq_sigmund
D:4:      layout_basic, xom_confusion_cloud, mainiacjoe_overflow_brackets,
          serial_shops, kennysheep_mini_moat, hellmonk_ghost_happy_afterlife,
          uniq_edmund

Skill      XL: |  1  2  3  4  5 |
---------------+----------------+-----
Dodging        | 2 3 |  3.2
Fighting       | 2 3 |  3.5
Invocations    | 1 2 |  2.8
Unarmed Combat | 4 5 |  5.3
Spellcasting   | |  2.0
Transmutations | |  2.0

Action                   |  1- 3 |  4- 6 || total
-------------------------+-------+-------++-------
Melee: Unarmed           |    90 |   127 ||   217
       Headbutt          |     9 |    17 ||    26
       Tailslap          |     9 |     9 ||    18
       Kick              |    12 |    28 ||    40
       Whip              |    36 |       ||    36
       Punch             |     1 |     1 ||     2
 Cast: Beastly Appendage |    18 |    24 ||    42
       Wereblood         |       |     5 ||     5
Invok: Animate Remains   |    10 |       ||    10
  Use: Scroll            |     5 |       ||     5
 Stab: Sleeping          |     1 |       ||     1
Armor: Skin              |    43 |    37 ||    80
Dodge: Dodged            |    92 |    83 ||   175
